 Dungeon Crawl Stone Soup version 0.29-a0-902-g0f71de6fce (webtiles) character file.

Game seed: 5954434443979325774

1495 wilfster70 the Basher (level 8, -4/84 HPs)
             Began as an Ogre Berserker on July 24, 2022.
             Was a Believer of Trog.
             Slain by a scorpion (5 damage)
             ... on level 6 of the Dungeon.
             The game lasted 00:12:41 (6255 turns).

wilfster70 the Basher (Ogre Berserker)              Turns: 6255, Time: 00:12:41

Health: -4/84      AC:  5    Str: 30    XL:     8   Next: 81%
Magic:  8/8        EV: 10    Int:  8    God:    Trog [**....]
Gold:   212        SH:  0    Dex:  8    Spells: 7/7 levels left

rFire   . . .      SeeInvis .   a - +0 giant spiked club
rCold   . . .      Faith    .   (shield currently unavailable)
rNeg    . . .      Spirit   .   g - +2 animal skin
rPois   .          Reflect  .   (helmet restricted)
rElec   .          Harm     .   (no cloak)
rCorr   .          Rampage  .   (gloves unavailable)
Will    +....                   (boots unavailable)
Stlth   +.........              (no amulet)
HPRegen 0.24/turn               d - +6 ring of strength
MPRegen 0.11/turn               p - ring of willpower

@: on berserk cooldown, hasted and slowed
A: large, unfitting armour, tough skin 1
a: Renounce Religion, Berserk, Trog's Hand


You were on level 6 of the Dungeon.
You worshipped Trog.
Trog was pleased with you.
You visited 1 branch of the dungeon, and saw 6 of its levels.

You collected 212 gold pieces.

Inventory:

Hand Weapons
 a - a +0 giant spiked club (weapon)
 b - a +2 sling of freezing
Missiles
 m - a throwing net
 s - 7 poisoned darts
Armour
 g - a +2 animal skin (worn)
Jewellery
 d - a +6 ring of strength (left hand)
 i - a ring of protection from cold
 l - a ring of fire
 p - a ring of willpower (right hand)
Wands
 c - a wand of roots (13)
 o - a wand of flame (17)
Scrolls
 n - a scroll of fog
Potions
 e - 4 potions of flight
 f - 3 potions of might
 h - 3 potions of haste
 j - a potion of berserk rage {unknown}
 k - a potion of curing {unknown}
 q - a potion of mutation {unknown}


   Skills:
 - Level 6.8 Fighting
 * Level 9.2 Maces & Flails
 - Level 2.6 Dodging
 - Level 1.8 Shields


You had 7 spell levels left.
You didn't know any spells.
Your spell library was empty.

Dungeon Overview and Level Annotations

Branches:
Dungeon (6/15)
 Temple: D:4-7

Altars:
Ashenzari
Elyvilon
Fedhas
Ru
Sif Muna
Wu Jian
The Shining One

Annotations:
D:6 1 runed translucent door


Innate Abilities, Weirdness & Mutations

You are too large for most types of armour.
You have tough skin. (AC +1)


Message History

The giant cockroach bites you but does no damage.
The scorpion stings you. The giant cockroach barely misses you.
The scorpion barely misses you. The scorpion closely misses you.
The scorpion barely misses you. The giant cockroach bites you.
The scorpion attacks as you move away! The scorpion completely misses you.
The scorpion stings you but does no damage.
The scorpion stings you.
You are poisoned.
The scorpion poisons you!
You feel very sick. The giant cockroach closely misses you.
The giant cockroach bites you.
* * * LOW HITPOINT WARNING * * *
You feel very sick. The scorpion stings you.
* * * LOW HITPOINT WARNING * * *
The scorpion stings you.
* * * LOW HITPOINT WARNING * * *
The giant cockroach closely misses you. x2
You feel yourself speed up.
You feel sick.
The giant cockroach bites you but does no damage.
The giant cockroach barely misses you. The scorpion barely misses you.
The giant cockroach bites you.
* * * LOW HITPOINT WARNING * * *
The giant cockroach barely misses you.
The scorpion stings you but does no damage.
The scorpion stings you.
* * * LOW HITPOINT WARNING * * *
You feel sick. The scorpion closely misses you.
The giant cockroach attacks as you move away!
The giant cockroach bites you but does no damage.
You feel sick.
You feel sick. The scorpion stings you.
* * * LOW HITPOINT WARNING * * *
* * * LOW HITPOINT WARNING * * *
You feel sick.
You are no longer poisoned.
The scorpion barely misses you. The scorpion closely misses you.
The scorpion attacks as you move away! The scorpion stings you.
You die...

.sB..#....#....#######
.ss.B'....#....#.....#
s.B..#....#....#.....#
######s...#'####.....#
..s...s...#...##...###
..........#...##...##
##†########.........#
#.....# #....##...<#
##.....#########@...#
...........sss.s....#
............BB##..###
............s.##..#
.########.##..##.... #
####..##.....
#...........
+...........
############


You could see 5 scorpions and 2 giant cockroaches.

Vanquished Creatures
  Grinder (D:3)
  A water moccasin (D:4)
  3 ogres (D:4)
  A necrophage (D:5)
  5 scorpions
  3 hounds
  A jelly (D:5)
  2 orc priests (D:5)
  Jessica (D:2)
  3 iguanas
  5 orc wizards
  Robin (D:2)
  13 adders
  A dart slug (D:4)
  10 orcs
  5 bats
  7 endoplasms
  3 giant cockroaches
  12 goblins
  12 hobgoblins
  A jackal (D:3)
  5 quokkas
  5 ball pythons
  3 frilled lizards (D:2)
  4 kobolds
  5 rats
113 creatures vanquished.

Vanquished Creatures (others)
  10 plants
10 creatures vanquished.

Grand Total: 123 creatures vanquished

Notes
Turn   | Place    | Note
-------+----------+-------------------------------------------
     0 | D:1      | wilfster70 the Ogre Berserker began the quest for the Orb.
     0 | D:1      | Reached XP level 1. HP: 24/24 MP: 1/1
   308 | D:1      | Reached skill level 3 in Maces & Flails
   512 | D:1      | Reached XP level 2. HP: 31/32 MP: 2/2
   788 | D:1      | Found a faded altar of an unknown god.
  1543 | D:2      | Noticed Robin
  1561 | D:2      | Reached XP level 3. HP: 22/40 MP: 3/3
  1788 | D:2      | Killed Robin
  1984 | D:2      | Reached XP level 4. HP: 49/49 MP: 4/4
  2029 | D:2      | Reached skill level 5 in Fighting
  2029 | D:2      | Reached skill level 4 in Maces & Flails
  2241 | D:2      | Reached ** piety under Trog
  2364 | D:2      | Noticed Jessica
  2373 | D:2      | Killed Jessica
  2840 | D:3      | Noticed Grinder
  2854 | D:3      | Reached XP level 5. HP: 57/57 MP: 5/5
  2867 | D:3      | Paralysed by Grinder for 4 turns
  2871 | D:3      | Killed Grinder
  2872 | D:3      | Reached skill level 5 in Maces & Flails
  2872 | D:3      | Reached XP level 6. HP: 40/67 MP: 6/6
  2920 | D:3      | Found a glowing golden altar of the Shining One.
  3194 | D:3      | Found a shimmering blue altar of Sif Muna.
  3241 | D:3      | Found a blossoming altar of Fedhas.
  3296 | D:3      | Found a white marble altar of Elyvilon.
  3549 | D:3      | Found a sacrificial altar of Ru.
  3830 | D:4      | Reached XP level 7. HP: 76/76 MP: 7/7
  3837 | D:4      | Reached skill level 6 in Maces & Flails
  3915 | D:4      | Reached skill level 1 in Shields
  4547 | D:4      | Reached skill level 7 in Maces & Flails
  4593 | D:4      | Identified the +7 hand axe of Trauma {venom, Dex+2}
  4616 | D:4      | Reached XP level 8. HP: 83/84 MP: 8/8
  5109 | D:5      | Entered Level 5 of the Dungeon
  5536 | D:5      | Reached skill level 8 in Maces & Flails
  5771 | D:5      | Found an ornate altar of the Wu Jian Council.
  6027 | D:5      | Found a broken altar of Ashenzari.
  6205 | D:6      | Found a runed translucent door.
  6207 | D:6      | Found a runed translucent door.
  6232 | D:6      | Reached skill level 9 in Maces & Flails
  6251 | D:6      | HP: 2/84 [scorpion (4)]
  6255 | D:6      | Slain by a scorpion

Illustrated notes

Levels and vault maps discovered:
D:1:      amcnicky_arrival_wind_blow, layout_basic, basic_ecumenical_altar,
          serial_bayou, serial_bayou_shore_b, serial_bayou_crossing,
          serial_bayou_lagoon_a, serial_bayou_lagoon_b, hangedman_glass_teeth
D:2:      layout_basic, uniq_robin, uniq_jessica
D:3:      layout_rooms, nicolae_ru_great_annihilating_truth, fedhas_altar_4,
          nicolae_sif_muna_little_library, old_standard_altar,
          mainiacjoe_overflow_chevrons, uniq_grinder
D:4:      cheibrodos_old_hovel, layout_loops_ring,
          hangedman_decor_clover_reticule, saegor_snake_ambush
D:5:      layout_cave_pools, lemuel_doored_altar,
          mainiacjoe_overflow_cross_hatched, glass_columns_a
D:6:      lemuel_insect_pit, layout_gridville, gammafunk_temple_overflow_wave,
          mainiacjoe_overflow_tiny_flanked, minmay_temple_entry_proselytizer

Skill      XL: |  1  2  3  4  5  6  7  8 |
---------------+-------------------------+-----
Maces & Flails | 3 4 5 7 9 |  9.2
Fighting       | 5 6 |  6.8
Shields        | 1 |  1.8
Dodging        | |  2.6

Action                   |  1- 3 |  4- 6 |  7- 9 || total
-------------------------+-------+-------+-------++-------
Melee: Mace              |    93 |    90 |       ||   183
       Punch             |     1 |       |       ||     1
       Flail             |       |    17 |    32 ||    49
       Giant spiked club |       |       |   140 ||   140
 Fire: Sling             |    11 |       |       ||    11
Invok: Berserk           |     3 |     6 |     7 ||    16
       Trog's Hand       |       |     2 |     2 ||     4
Evoke: Wand              |       |     1 |       ||     1
  Use: Scroll            |     1 |     8 |     4 ||    13
       Potion            |       |       |     1 ||     1
 Stab: Sleeping          |     1 |     1 |       ||     2
Armor: Animal skin       |    27 |    55 |    83 ||   165
Dodge: Dodged            |    66 |    52 |   140 ||   258
Block: Kite shield       |       |    15 |     8 ||    23

Table legend: (Time is in decaauts)
 A = Elapsed time spent in this place.
 B = Non-inter-level travel time spent in this place.
 C = Inter-level travel time spent in this place.
 D = Time resting spent in this place.
 E = Time spent auto-exploring this place.
 F = Levels seen in this place.
 G = Mean time per level.
                   A        B        C        D        E       F      G
               +--------+--------+--------+--------+--------+-----+--------+
         Total |   6559 |   6433 |    126 |   2425 |   2255 |   6 | 1093.2 |
       Dungeon |   6559 |   6433 |    126 |   2425 |   2255 |   6 | 1093.2 |
               +--------+--------+--------+--------+--------+-----+--------+

Top non-repeatable levels by time:
     D:1: 1803 daAuts
     D:4: 1684 daAuts
     D:2: 1138 daAuts
     D:3: 1064 daAuts
     D:5: 754 daAuts
     D:6: 113 daAuts
